 Dungeon Crawl Stone Soup version 0.25.1-8-g42b30a86e7 (webtiles) character file.

Game seed: 2658894959214248733

4328 hawla the Fighter (level 10, -4/91 HPs)
             Began as a White Draconian Conjurer on Dec 14, 2020.
             Slain by an orc warrior
             ... wielding a +0 trident
              (8 damage)
             ... on level 7 of the Dungeon.
             The game lasted 00:29:10 (9861 turns).

hawla the Fighter (White Draconian Conjurer)        Turns: 9861, Time: 00:29:11

Health: -4/91      AC: 10    Str: 10    XL:     10   Next: 12%
Magic:  1/19       EV: 13    Int: 20    God:
Gold:   412        SH:  0    Dex: 11    Spells: 14/21 levels left

rFire    . . .     SeeInvis .   (no weapon)
rCold    + . .     Gourm    .   (no shield)
rNeg     . . .     Faith    .   (armour unavailable)
rPois    +         Spirit   .   (helmet restricted)
rElec    .         Reflect  .   q - +1 cloak
rCorr    .         Harm     .   c - +0 pair of gloves
MR       .....                  (no boots)
Stlth    +++.......             (no amulet)
HPRegen  0.25/turn              g - ring of stealth
MPRegen  0.16/turn              r - ring of poison resistance

@: no status effects
A: breathe frost, unfitting armour, cold resistance 1, wild magic 1,
cold-blooded, MP-powered wands, AC +7
a: Breathe Frost


You were on level 7 of the Dungeon.
You were not hungry.

You visited 1 branch of the dungeon, and saw 9 of its levels.

You collected 412 gold pieces.

Inventory:

Missiles
 e - 3 boomerangs
 k - 64 poisoned darts (quivered)
Armour
 c - a +0 pair of gloves (worn)
 q - a +1 cloak (worn)
Jewellery
 g - a ring of stealth (left hand)
 r - a ring of poison resistance (right hand)
Wands
 x - a wand of flame (23)
Scrolls
 a - a scroll of fog
 h - 7 scrolls of remove curse
 n - 4 scrolls of identify
 w - a scroll of enchant armour
Potions
 d - a potion of brilliance
 j - a potion of haste
 s - a potion of cancellation
 t - a potion of flight
Miscellaneous
 v - a box of beasts
Comestibles
 b - 11 rations
 f - 3 chunks of flesh


   Skills:
 - Level 9.0 Fighting
 - Level 1.0 Throwing
 - Level 4.0 Dodging
 - Level 2.0 Stealth
 + Level 6.0 Spellcasting
 - Level 7.9 Conjurations
 - Level 6.2 Translocations
 - Level 2.0 Evocations


You had 14 spell levels left.
You knew the following spells:

 Your Spells              Type           Power        Failure   Level  Hunger
a - Magic Dart            Conj           ####         1%          1    None
b - Searing Ray           Conj           #####.       1%          2    None
c - Iskenderun's Mystic   Conj/Tloc      #####...     9%          4    ####...

Your spell library contained the following spells:

 Spells                   Type           Power        Failure   Level  Hunger
 Shock                    Conj/Air       ####         3%          1    None
 Gell's Gravitas          Tloc           #####.....   4%          3    ##.....
 Dazzling Flash           Conj/Hex       ####..       10%         3    ##.....
 Static Discharge         Conj/Air       ####....     10%         3    ##.....
 Beastly Appendage        Tmut           #.....       16%         1    None
 Sticks to Snakes         Tmut           #.......     22%         2    None
 Swiftness                Chrm/Air       #.......     22%         2    None
 Fulminant Prism          Conj/Hex       ####......   28%         4    ####...
 Confusing Touch          Hex            #.......     38%         3    ##.....
 Spider Form              Tmut/Pois      #.........   38%         3    ##.....
 Lightning Bolt           Conj/Air       ####......   58%         5    #####..
 Airstrike                Air            #.........   78%         4    ####...
 Ice Form                 Ice/Tmut       #.......     78%         4    ####...
 Petrify                  Tmut/Erth      #.......     78%         4    ####...
 Blade Hands              Tmut           #.........   98%         5    #####..
 Metabolic Englaciation   Hex/Ice        #.........   98%         5    #####..
 Yara's Violent Unravell  Hex/Tmut       #.........   98%         5    #####..


Dungeon Overview and Level Annotations

Branches:
Dungeon (9/15)
 Temple: D:4-7         Lair: D:8-11         Orc: D:9-12

Altars:
Cheibriados
Elyvilon
Gozag

Annotations:
D:4 2 runed translucent doors, ew1980's ghost, amateur OpTm
D:6 2 transporters, Anlio's ghost, novice GrFi
D:9 Maurice


Innate Abilities, Weirdness & Mutations

You can breathe waves of freezing cold.
You can buffet flying creatures when you breathe cold.
Your icy white scales are hard. (AC +7)
You cannot fit into any form of body armour.
Your flesh is cold resistant. (rC+)
You are cold-blooded and may be slowed by cold attacks.
Your spells are a little harder to cast, but a little more powerful.
You expend magic power (3 MP) to strengthen your wands.


Message History

The orc warrior is almost dead.
The orc warrior hits you with a +0 trident!
You hit the orc warrior but do no damage.
The orc warrior is almost dead.
The orc warrior closely misses you.
Casting: Magic Dart (safe; 1% risk of failure)
Confirm with . or Enter, or press ? or * to list all spells.
Aiming: Magic Dart (safe; 1% risk of failure)
Press: ? - help, Shift-Dir - straight line, f/p - orc warrior
Aim: an orc warrior, wielding a +0 trident and wearing a +0 plate armour (almost dead)
The magic dart hits the orc warrior but does no damage.
The orc warrior is almost dead.
The orc warrior hits you with a +0 trident!!
* * * LOW HITPOINT WARNING * * *
Okay, then.
Okay, then.
The orc warrior hits you with a +0 trident!
* * * LOW HITPOINT WARNING * * *
The orc warrior hits you from afar with a +0 trident!
You die...

...... . .......##o
.......##.## ........
... .# ..... #.###
.##.....###)..#####
...<..........#o..#
.....## #...)..#
(.....## ##...@.#
..#.#..######.....#
.....#...##.......#
............###...#####
...#..##.#####........#
#.....................#
##..).....###.........#
#..........##.........#
......................#


You could see an orc warrior.

Vanquished Creatures
  A hydra (D:6)
  Sigmund (D:4)
  Eustachio (D:5)
  An orc warrior (D:7)
  3 sky beasts
  A black bear (D:6)
  An ice beast (D:7)
  4 ogres
  A centaur (D:5)
  Blork the orc (D:6)
  2 bullfrogs
  A gnoll sergeant (D:6)
  A wyvern skeleton (D:6)
  2 scorpions
  6 wights (D:7)
  13 killer bees
  2 howler monkeys
  A crimson imp (D:6)
  3 hounds
  2 jellies
  4 orc priests
  Terence (D:2)
  6 orc wizards
  4 worker ants
  3 hound skeletons
  A hound zombie (D:5)
  A worker ant zombie (D:6)
  12 adders
  15 gnolls
  A shadow imp (D:5)
  2 oozes
  2 adder skeletons
  3 worms
  5 dart slugs
  3 leopard geckos
  21 orcs
  9 bats
  A giant cockroach (D:3)
  9 goblins
  7 hobgoblins
  22 jackals
  9 kobolds
  3 quokkas
  2 frilled lizards
  A jackal skeleton (D:6)
  A leopard gecko zombie (D:7)
  A quokka skeleton (D:4)
  A quokka zombie (D:6)
  5 rats
203 creatures vanquished.

Vanquished Creatures (others)
  An adder zombie (D:9)
1 creature vanquished.

Grand Total: 204 creatures vanquished

Notes
Turn   | Place    | Note
-------+----------+-------------------------------------------
     0 | D:1      | hawla the Draconian Conjurer began the quest for the Orb.
     0 | D:1      | Reached XP level 1. HP: 14/14 MP: 3/3
   211 | D:1      | Reached XP level 2. HP: 9/20 MP: 1/5
   219 | D:1      | Learned a level 2 spell: Searing Ray
  1258 | D:1      | Reached XP level 3. HP: 26/26 MP: 4/7
  1998 | D:2      | Reached XP level 4. HP: 24/33 MP: 7/10
  2311 | D:2      | Noticed Terence
  2472 | D:2      | Learned a level 4 spell: Iskenderun's Mystic Blast
  2642 | D:2      | Reached XP level 5. HP: 38/38 MP: 4/12
  2921 | D:2      | Killed Terence
  2921 | D:2      | Reached skill level 1 in Translocations
  3816 | D:3      | Reached XP level 6. HP: 38/45 MP: 1/13
  4517 | D:4      | Found a large runed translucent door.
  4517 | D:4      | Found a large runed translucent door.
  4520 | D:4      | Noticed ew1980's ghost (amateur OpTm)
  4557 | D:4      | Reached skill level 5 in Conjurations
  4561 | D:4      | Found a white marble altar of Elyvilon.
  4701 | D:4      | Your scales start taking on an icy white colour.
  4701 | D:4      | Reached XP level 7. HP: 41/50 MP: 3/14
  4701 | D:4      | Gained mutation: Your flesh is cold resistant. (rC+) [White
                  | Draconian growth]
  5036 | D:4      | Reached skill level 5 in Translocations
  5202 | D:4      | Noticed Sigmund
  5207 | D:4      | Killed Sigmund
  5481 | D:5      | Entered Level 5 of the Dungeon
  5621 | D:5      | Noticed Eustachio
  5803 | D:5      | Killed Eustachio
  5803 | D:5      | Reached skill level 5 in Spellcasting
  5803 | D:5      | Reached XP level 8. HP: 54/57 MP: 1/15
  6424 | D:5      | Found an opulent altar of Gozag.
  6426 | D:5      | Found a snail-covered altar of Cheibriados.
  6880 | D:6      | Noticed Blork the orc
  6890 | D:6      | Killed Blork the orc
  7131 | D:6      | Reached skill level 1 in Fighting
  7184 | D:6      | Reached skill level 1 in Throwing
  7354 | D:6      | Found a transporter.
  7454 | D:6      | Reached skill level 2 in Fighting
  7493 | D:6      | Reached XP level 9. HP: 67/67 MP: 12/18
  7567 | D:6      | Noticed a six-headed hydra
  7577 | D:6      | Killed a six-headed hydra
  7577 | D:6      | Reached skill level 3 in Fighting
  7577 | D:6      | Reached skill level 4 in Fighting
  7920 | D:6      | Found a transporter.
  7923 | D:6      | Noticed Anlio's ghost (novice GrFi)
  7938 | D:6      | Reached skill level 5 in Fighting
  8279 | D:7      | Gained mutation: Your spells are a little harder to cast,
                  | but a little more powerful. [potion of mutation]
  8279 | D:7      | Gained mutation: You expend magic power (3 MP) to
                  | strengthen your wands. [potion of mutation]
  8375 | D:7      | Reached skill level 6 in Fighting
  8539 | D:8      | Noticed a queen bee
  8745 | D:9      | Noticed Maurice
  8892 | D:8      | Reached skill level 7 in Fighting
  9031 | D:7      | Reached skill level 8 in Fighting
  9059 | D:7      | HP: 4/81 [killer bee (8)]
  9156 | D:7      | Reached XP level 10. HP: 23/88 MP: 5/19
  9836 | D:7      | Reached skill level 9 in Fighting
  9860 | D:7      | HP: 3/91 [orc warrior/+0 trident (10)]
  9861 | D:7      | Slain by an orc warrior

Illustrated notes

Levels and vault maps discovered:
D:1:      dpeg_arrival_morbid_curiosity, layout_basic, minmay_quantized
D:2:      layout_rooms, uniq_terence
D:3:      layout_basic, first_ration
D:4:      layout_loops_corners, ebering_ghost_disaster_area, elyvilon_altar_3,
          uniq_sigmund
D:5:      layout_loops_cross, grunt_temple_overflow_open, uniq_eustachio
D:6:      minmay_cornered_nines, layout_basic, gammafunk_ghost_arena,
          serial_rivers, chequers_serial_rivers_micro_d,
          chequers_serial_rivers_small_b, chequers_serial_rivers_micro_d,
          chequers_serial_rivers_small_a, chequers_serial_rivers_micro_e,
          chequers_serial_rivers_room_a, uniq_blork_the_orc
D:7:      layout_rooms, lemuel_temple_firewalk_b
D:8:      layout_gridville, makhleb_blood_cavern_becter,
          lemuel_mausoleum_altar_yredelemnul, lair_entry_dummy, david_nohive_1
D:9:      layout_basic, lemuel_flamethrower_2, uniq_maurice,
          uniq_prince_ribbit1, uniq_harold

Skill      XL: |  1  2  3  4  5  6  7  8  9 10 |
---------------+-------------------------------+-----
Spellcasting   | 3 4 5 6 |  6.0
Translocations | 2 4 6 |  6.2
Conjurations   | 5 6 7 |  7.9
Stealth        | 2 |  2.0
Fighting       | 2 8 9 |  9.0
Dodging        | 2 4 |  4.0
Throwing       | 1 |  1.0
Evocations     | 2 |  2.0

Action                   |  1- 3 |  4- 6 |  7- 9 | 10-12 || total
-------------------------+-------+-------+-------+-------++-------
Melee: Unarmed           |    28 |     3 |    72 |    13 ||   116
       Tailslap          |     2 |       |     6 |     2 ||    10
Throw: Dart              |       |       |       |     5 ||     5
 Cast: Magic Dart        |    41 |    54 |    91 |    15 ||   201
       Searing Ray       |    15 |    44 |    62 |    14 ||   135
       Iskenderun's Myst |       |       |    13 |     2 ||    15
Evoke: Wand              |       |       |     2 |       ||     2
  Use: Scroll            |       |     8 |    10 |       ||    18
       Potion            |       |     1 |    15 |       ||    16
 Stab: Invisible         |       |       |     3 |       ||     3
       Fleeing           |       |       |     1 |       ||     1
  Eat: Chunk             |     4 |     9 |    10 |     1 ||    24
       Ration            |       |       |     2 |       ||     2
Armor: Skin              |    18 |    15 |   150 |    11 ||   194
Dodge: Dodged            |    26 |    30 |   164 |    19 ||   239
